 Dungeon Crawl Stone Soup version 0.30-a0-996-ga6910c8ee8 (webtiles) character file.

Game seed: 13560985836787400865

203 Lobster4 the Grasshopper (level 5, 0/57 HPs)
             Began as a Gnoll Wanderer on Apr 4, 2023.
             Succumbed to an orc's poison
             ... on level 2 of the Dungeon.
             The game lasted 00:09:16 (2596 turns).

Lobster4 the Grasshopper (Gnoll Wanderer)           Turns: 2596, Time: 00:09:17

Health: 0/57       AC: 22    Str: 12    XL:     5   Next: 81%
Magic:  9/9        EV:  2    Int: 13    God:
Gold:   148        SH:  0    Dex: 11    Spells: 3/10 levels left

rFire   . . .      SeeInvis .    g - +1 dagger (drain)
rCold   . . .      Faith    .    (no shield)
rNeg    . . .      Spirit   .    u - melded +1 animal skin
rPois   +          Reflect  .    v - melded +1 helmet {Int+3}
rElec   .          Rampage  .    (cloak currently unavailable)
rCorr   .          NoTele   +    j - melded +0 pair of gloves
Will    .....                    b - melded +0 pair of boots
Stlth   ++                       (no amulet)
HPRegen 0.29/turn                (no ring)
MPRegen 0.11/turn                (no ring)

@: lethally poisoned (0 -> -1), tree-form (expiring), hasted, very quick
A: stationary, stasis, torment immunity, boosted hp, (fangs 1), strong nose,
distributed training
a: no special abilities


You were on level 2 of the Dungeon.
You were a tree.
You visited 1 branch of the dungeon, and saw 3 of its levels.

You collected 148 gold pieces.

Inventory:

Hand Weapons
 c - a +0 sling
 g - a +1 dagger of draining (weapon)
 l - a +2 whip of freezing
Missiles
 a - 43 stones
 q - 2 poisoned darts
Armour
 b - a +0 pair of boots (melded)
 j - a +0 pair of gloves (melded)
 u - a +1 animal skin (melded)
 v - a +1 helmet of intelligence (melded)
Wands
 d - a wand of polymorph (5) (quivered)
 o - a wand of acid (5)
Scrolls
 e - 2 scrolls of amnesia {unknown}
 f - a scroll of summoning {unknown}
 h - a scroll of brand weapon {unknown}
 i - a scroll of immolation {unknown}
 k - 4 scrolls of identify {unknown}
 n - a scroll of magic mapping {unknown}
 r - a scroll of noise {unknown}
 t - a scroll of vulnerability {unknown}
 w - a scroll of enchant weapon {unknown}
 y - a scroll of fog {unknown}
Potions
 m - a potion of lignification
 x - a potion of invisibility


   Skills:
 + Level 1.7 Fighting
 + Level 1.7 Short Blades
 + Level 1.7 Long Blades
 + Level 1.7 Axes
 + Level 1.7 Maces & Flails
 + Level 1.7 Polearms
 + Level 1.7 Staves
 + Level 1.7 Ranged Weapons
 + Level 1.7 Throwing
 + Level 1.7 Armour
 + Level 3.1 Dodging
 + Level 2.9 Stealth
 + Level 1.7 Shields
 + Level 1.7 Unarmed Combat
 + Level 3.3 Spellcasting
 + Level 1.3 Conjurations
 + Level 1.3 Hexes
 + Level 1.3 Summonings
 + Level 1.3 Necromancy
 + Level 7.2 Translocations
 + Level 4.0 Transmutations
 + Level 1.3 Fire Magic
 + Level 1.3 Ice Magic
 + Level 1.3 Air Magic
 + Level 1.3 Earth Magic
 + Level 1.3 Poison Magic
 + Level 1.9 Invocations
 + Level 3.1 Evocations


You had 3 spell levels left.
You knew the following spells:

 Your Spells              Type           Power      Damage    Failure   Level
a - Beastly Appendage     Tmut           24%        N/A       4%          1
b - Momentum Strike       Conj/Tloc      26%        3d8       6%          2
c - Teleport Other        Tloc           21%        N/A       3%          3
d - Apportation           Tloc           42%        N/A       1%          1

Your spell library contained the following spells:

 Spells                   Type           Power      Damage    Failure   Level
 Spider Form              Tmut/Pois      9%         N/A       22%         3


Dungeon Overview and Level Annotations

Branches:
Dungeon (3/15)

Altars:
Elyvilon
Nemelex Xobeh

Shops:
D:3 ?


Innate Abilities, Weirdness & Mutations

You are a tree.
Your roots penetrate the ground, keeping you stationary.
You cannot be teleported.
You are immune to unholy pain and torment.
Your maximum health is greatly increased.
Your equipment is partially melded.
((You have very sharp teeth.))
Your uncanny sense of smell can sniff out nearby items.
Your experience applies equally to all skills.


Message History

Your +0 pair of boots melds into your body.
Your +1 animal skin melds into your body.
You feel stupid.
Your roots penetrate the ground.
* * * LOW HITPOINT WARNING * * *
You feel sick. The orc hits you but does no damage.
Sorry, you're not good enough to have a special ability.
Unknown command.
Unknown command.
It was a potion of curing.
You feel better. The orc hits you but does no damage.
You are poisoned.
You hit the orc but do no damage.
You feel sick. The orc hits you but does no damage.
You hit the orc. You drain the orc.
The orc is almost dead.
You feel sick. The orc hits you but does no damage.
You are lethally poisoned!
You hit the orc.
You kill the orc!
* * * LOW HITPOINT WARNING * * *
You feel very sick.
It was a potion of haste.
You feel yourself speed up.
* * * LOW HITPOINT WARNING * * *
You feel sick.
Okay, then.
* * * LOW HITPOINT WARNING * * *
You feel sick.
* * * LOW HITPOINT WARNING * * *
You feel sick.
* * * LOW HITPOINT WARNING * * *
You feel sick.
* * * LOW HITPOINT WARNING * * *
You feel sick.
* * * LOW HITPOINT WARNING * * *
You feel sick.
Your transformation is almost over.
* * * LOW HITPOINT WARNING * * *
You feel sick.
You die...

##...## ##########.....##
######## #...............##
....^..# #.######.........###
######.## #.# #............ ####
#..######.## #....<....###
...###....<.....# #).......####
##.##......)...)#####............
##.###...##.....♣)..........#####
##.# ##.###.###)####.#.....##
##.# #.# #.# #.# #.##...##
##.####.###.###.####)####.##
....................)[).)..#
##..........###.##########.#
######..#.### #.# #.# # #..#.#
#.# #)# # #....# #.# #.######


There were no monsters in sight!

Vanquished Creatures
  An orc priest (D:1)
  Jessica (D:2)
  Robin (D:2)
  2 gnolls
  3 adders (D:2)
  A dart slug (D:1)
  5 orcs
  6 endoplasms
  5 giant cockroaches
  14 goblins
  5 hobgoblins
  5 jackals
  6 kobolds
  2 quokkas (D:2)
  7 ball pythons
  8 bats
  2 frilled lizards (D:2)
  3 rats
77 creatures vanquished.

Notes
Turn   | Place    | Note
-------+----------+-------------------------------------------
     0 | D:1      | Lobster4 the Gnoll Wanderer began the quest for the Orb.
     0 | D:1      | Lobster4 set off with the following items: a +0 club, a
                  | potion of invisibility, a +0 robe, a wand of polymorph (5);
                  | and the following spells available to memorise:
                  | Apportation, Teleport Other, Beastly Appendage, Momentum
                  | Strike, Spider Form.
     0 | D:1      | Reached XP level 1. HP: 13/13 MP: 4/4
     3 | D:1      | Noticed an electric eel
     4 | D:1      | Noticed an electric eel
    26 | D:1      | Learned a level 1 spell: Apportation
   178 | D:1      | Reached XP level 2. HP: 19/19 MP: 5/5
   252 | D:1      | Learned a level 1 spell: Beastly Appendage
   536 | D:1      | Reached XP level 3. HP: 25/25 MP: 5/7
   701 | D:1      | Reached skill level 1 in Invocations
   822 | D:1      | Reached skill level 1 in Fighting
   822 | D:1      | Reached skill level 1 in Short Blades
   822 | D:1      | Reached skill level 1 in Long Blades
   822 | D:1      | Reached skill level 1 in Axes
   822 | D:1      | Reached skill level 1 in Maces & Flails
   822 | D:1      | Reached skill level 1 in Polearms
   822 | D:1      | Reached skill level 1 in Staves
   822 | D:1      | Reached skill level 1 in Ranged Weapons
   822 | D:1      | Reached skill level 1 in Throwing
   822 | D:1      | Reached skill level 1 in Armour
   822 | D:1      | Reached skill level 1 in Shields
   822 | D:1      | Reached skill level 1 in Unarmed Combat
   822 | D:1      | Reached XP level 4. HP: 31/32 MP: 6/8
   888 | D:2      | Learned a level 3 spell: Teleport Other
   891 | D:2      | Learned a level 2 spell: Momentum Strike
   901 | D:2      | Noticed Robin
   989 | D:2      | Killed Robin
   990 | D:2      | Reached skill level 1 in Conjurations
   990 | D:2      | Reached skill level 1 in Hexes
   990 | D:2      | Reached skill level 1 in Summonings
   990 | D:2      | Reached skill level 1 in Necromancy
   990 | D:2      | Reached skill level 1 in Fire Magic
   990 | D:2      | Reached skill level 1 in Ice Magic
   990 | D:2      | Reached skill level 1 in Air Magic
   990 | D:2      | Reached skill level 1 in Earth Magic
   990 | D:2      | Reached skill level 1 in Poison Magic
  1229 | D:2      | Noticed Jessica
  1235 | D:2      | Killed Jessica
  1236 | D:2      | Reached XP level 5. HP: 33/37 MP: 7/9
  2148 | D:3      | Found a white marble altar of Elyvilon.
  2212 | D:3      | Found a sparkling altar of Nemelex Xobeh.
  2565 | D:3      | Found Byraock's Magic Scroll Shop.
  2592 | D:2      | HP: 2/57 [poisoned by an orc]
  2596 | D:2      | Succumbed to an orc's poison

Illustrated notes

Levels and vault maps discovered:
D:1:      arrival_aquarium_b, layout_basic
D:2:      layout_loops_ring, uniq_robin, uniq_jessica
D:3:      layout_basic, mainiacjoe_overflow_alcove_1,
          nemelex_spade_bored_becter, serial_shops,
          nicolae_shop_advertising_works [nicolae_subvault_shop_adworks]

Skill      XL: |  1  2  3  4  5 |
---------------+----------------+-----
Invocations    | 1 |  1.9
Fighting       | 1 |  1.7
Short Blades   | 1 |  1.7
Long Blades    | 1 |  1.7
Axes           | 1 |  1.7
Maces & Flails | 1 |  1.7
Polearms       | 1 |  1.7
Staves         | 1 |  1.7
Ranged Weapons | 1 |  1.7
Throwing       | 1 |  1.7
Armour         | 1 |  1.7
Shields        | 1 |  1.7
Unarmed Combat | 1 |  1.7
Spellcasting   | 3 |  3.3
Conjurations   | 1 |  1.3
Hexes          | 1 |  1.3
Summonings     | 1 |  1.3
Necromancy     | 1 |  1.3
Fire Magic     | 1 |  1.3
Ice Magic      | 1 |  1.3
Air Magic      | 1 |  1.3
Earth Magic    | 1 |  1.3
Poison Magic   | 1 |  1.3
Dodging        | 3 |  3.1
Evocations     | 3 |  3.1
Transmutations | 4 |  4.0
Stealth        | |  2.9
Translocations | |  7.2

Action                     |  1- 3 |  4- 6 || total
---------------------------+-------+-------++-------
  Melee: Club              |    68 |       ||    68
         Bite              |    12 |     7 ||    19
         Dagger            |    36 |   103 ||   139
         Kick              |    11 |    21 ||    32
         Headbutt          |     7 |     5 ||    12
         Punch             |       |     1 ||     1
   Cast: Apportation       |     2 |       ||     2
         Beastly Appendage |    10 |    19 ||    29
         Momentum Strike   |       |     3 ||     3
         Teleport Other    |       |     2 ||     2
    Use: Potion            |     1 |     4 ||     5
   Stab: Invisible         |     2 |       ||     2
         Sleeping          |     4 |     2 ||     6
 Armour: Robe              |    38 |    27 ||    65
         Animal skin       |       |     6 ||     6
         Skin              |       |     4 ||     4
  Dodge: Dodged            |    87 |    74 ||   161

Table legend: (Time is in decaauts)
 A = Elapsed time spent in this place.
 B = Non-inter-level travel time spent in this place.
 C = Inter-level travel time spent in this place.
 D = Time resting spent in this place.
 E = Time spent auto-exploring this place.
 F = Levels seen in this place.
 G = Mean time per level.
                   A        B        C        D        E       F      G
               +--------+--------+--------+--------+--------+-----+--------+
         Total |   2611 |   2460 |    151 |    278 |   1415 |   3 |  870.3 |
       Dungeon |   2611 |   2460 |    151 |    278 |   1415 |   3 |  870.3 |
               +--------+--------+--------+--------+--------+-----+--------+

Top non-repeatable levels by time:
     D:2: 1174 daAuts
     D:1: 981 daAuts
     D:3: 455 daAuts
